 Dungeon Crawl Stone Soup version 0.28-a0-697-g47f3eba078 (webtiles) character file.

Game seed: 6181399257907314244

1644 jasper the Insei (level 8, -1/63 HPs)
             Began as a Demonspawn Artificer on Oct 24, 2021.
             Was a Follower of Uskayaw.
             Slain by an ogre (24 damage)
             ... on level 7 of the Dungeon.
             The game lasted 00:11:57 (8126 turns).

jasper the Insei (Demonspawn Artificer)             Turns: 8126, Time: 00:11:58

Health: -1/63      AC:  8    Str: 13    XL:     8   Next: 67%
Magic:  8/8        EV:  9    Int: 13    God:    Uskayaw [*.....]
Gold:   116        SH:  6    Dex: 15    Spells: 5/7 levels left

rFire   + . .      SeeInvis .     - Unarmed
rCold   . . .      Faith    .   j - +1 buckler {reflect}
rNeg    . . .      Spirit   .   d - +0 scale mail
rPois   +          Reflect  +   f - +1 hat
rElec   .          Harm     .   (no cloak)
rCorr   .          Rampage  .   (no gloves)
Will    .....                   l - +0 pair of boots
Stlth   ..........              (no amulet)
HPRegen 0.20/turn               c - ring of protection from fire
MPRegen 0.11/turn               q - ring of poison resistance

@: no status effects
A: claws 1, demonic magic 2
a: Renounce Religion, Stomp


You were on level 7 of the Dungeon.
You worshipped Uskayaw.
Uskayaw was noncommittal.
You visited 2 branches of the dungeon, and saw 8 of its levels.

You collected 331 gold pieces.
You spent 215 gold pieces at shops.

Inventory:

Hand Weapons
 a - a +0 club of flaming
 n - a +1 whip of venom
 z - a +0 fustibalus
Missiles
 g - 3 datura-tipped darts
 k - 152 stones
 s - 50 poisoned darts
 u - 4 boomerangs (quivered)
Armour
 b - a +0 leather armour
 d - a +0 scale mail (worn)
 f - a +1 hat (worn)
 j - a +1 buckler of reflection (worn)
 l - a +0 pair of boots (worn)
Jewellery
 c - a ring of protection from fire (left claw)
 q - a ring of poison resistance (right claw)
 w - a ring of resist corrosion
Wands
 B - a wand of digging (5)
Scrolls
 o - 3 scrolls of teleportation
 y - a scroll of blinking
Potions
 h - 5 potions of attraction
 i - a potion of flight
 m - a potion of invisibility {unknown}
 p - a potion of cancellation {unknown}
 r - 2 potions of heal wounds {unknown}
 t - a potion of berserk rage {unknown}
 v - a potion of might {unknown}
 x - a potion of curing
Miscellaneous
 e - a piece from Xom's chessboard (14/15)


   Skills:
 + Level 5.4 Fighting
 + Level 3.0 Armour
 - Level 1.2 Dodging
 - Level 0.8 Stealth
 - Level 4.0 Shields
 * Level 6.9 Unarmed Combat
 + Level 1.1 Invocations
 - Level 3.1 Evocations


You had 5 spell levels left.
You knew the following spells:

 Your Spells              Type           Power      Damage    Failure   Level
a - Passwall              Tmut/Erth      0%         N/A       91%         2

Your spell library contained the following spells:

 Spells                   Type           Power      Damage    Failure   Level
 Sandblast                Erth           0%         2d4       80%         1
 Ensorcelled Hibernation  Hex/Ice        0%         N/A       91%         2
 Spider Form              Tmut/Pois      0%         N/A       99%         3
 Stone Arrow              Conj/Erth      0%         3d7       99%         3


Dungeon Overview and Level Annotations

Branches:
Dungeon (7/15)             Temple (1/1) D:7

Altars:
Ashenzari
Cheibriados
Dithmenos
Elyvilon
Fedhas
Gozag
Hepliaklqana
Kikubaaqudgha
Makhleb
Nemelex Xobeh
Sif Muna
Trog
Uskayaw
Vehumet
Wu Jian
Xom
Zin
The Shining One

Shops:
D:3 *[[?   D:6 *


Innate Abilities, Weirdness & Mutations

You have sharp fingernails.
Spells you cast may paralyse nearby enemies.


Message History

You scratch Menkaure but do no damage.
Menkaure is almost destroyed.
You claw Menkaure!
You destroy Menkaure!
You can now pass through a line of other dancers.
Your Armour skill increases to level 3!
Your Invocations skill increases to level 1!
You start resting.
You can no longer pass through a line of other dancers.
HP restored.
Health restored: 63
There is a fountain of clear blue water here.
Found an orc skeleton.
Found an orc skeleton.
You see here an orc skeleton.
Found an orc skeleton.
An ogre comes into view. It is wielding a +0 giant club.
Found a throwing net.
The ogre shouts!
You claw the ogre!
The ogre is moderately wounded.
You block the ogre's attack.
You closely miss the ogre.
The ogre is moderately wounded.
The ogre hits you with a +0 giant club!
You take 15 damage, and have 48/63 hp.
MASSIVE DAMAGE!!
You scratch the ogre.
The ogre is heavily wounded.
You closely miss the ogre.
The ogre is heavily wounded.
The ogre hits you with a +0 giant club!
You take 8 damage, and have 41/63 hp.
You completely miss the ogre.
The ogre is heavily wounded.
The ogre hits you with a +0 giant club!!
You take 18 damage, and have 23/63 hp.
MASSIVE DAMAGE!!
You scratch the ogre but do no damage.
The ogre is heavily wounded.
The ogre hits you with a +0 giant club!!
You die...

.. ... ### ...# ##.##
#### ....#
#.÷.###(..# .....####
#..#.@#.§.# ...
......#.###.####O.÷÷#
..... ............#
###### .....#
........##### ......#
.....##..#####
....... ....
#.......## .......
....##.8.8.8..##
.......
.....#...⌠.⌠..#.#
.......
........8.>.8.#.##
.......


You could see an ogre.

Vanquished Creatures
  Menkaure (D:7)
  A water moccasin (D:6)
  A scorpion (D:6)
  2 sky beasts (D:6)
  A black bear (D:5)
  2 centaurs (D:6)
  A phantom (D:6)
  A wyvern zombie (D:7)
  A howler monkey (D:6)
  3 jellies
  2 hounds (D:6)
  3 orc priests (D:3)
  A centaur skeleton (D:4)
  An iguana (D:3)
  A howler monkey zombie (D:7)
  3 gnolls
  4 adders
  A shadow imp (D:7)
  A white imp (D:6)
  An ufetubus (D:6)
  An adder skeleton (D:4)
  A worm (D:2)
  4 dart slugs
  12 orcs
  3 ball pythons
  3 endoplasms
  4 giant cockroaches (D:3)
  3 goblins
  2 hobgoblins
  7 kobolds
  3 bats
  2 frilled lizards
  3 rats (D:3)
80 creatures vanquished.

Vanquished Creatures (collateral kills)
  A water moccasin (D:5)
  A black bear (D:5)
  2 gnolls
  An ufetubus (D:6)
5 creatures vanquished.

Vanquished Creatures (others)
  An ogre (D:5)
  A phantom (D:6)
  A scorpion (D:5)
  A gnoll sergeant (D:6)
  3 gnolls
7 creatures vanquished.

Grand Total: 92 creatures vanquished

Notes
Turn   | Place    | Note
-------+----------+-------------------------------------------
     0 | D:1      | jasper the Demonspawn Artificer began the quest for the
                  | Orb.
     0 | D:1      | Reached XP level 1. HP: 15/15 MP: 1/1
   229 | D:1      | Reached skill level 1 in Dodging
   385 | D:1      | Found a faded altar of an unknown god.
   604 | D:1      | Gained mutation: You have sharp fingernails. [demonic
                  | ancestry]
   604 | D:1      | Reached XP level 2. HP: 4/21 MP: 2/2
  1399 | D:2      | Reached skill level 1 in Unarmed Combat
  1399 | D:2      | Reached XP level 3. HP: 24/26 MP: 3/3
  1836 | D:3      | Reached skill level 1 in Shields
  1971 | D:3      | Reached skill level 2 in Unarmed Combat
  1971 | D:3      | Reached XP level 4. HP: 33/33 MP: 4/4
  2321 | D:3      | Found a shadowy altar of Dithmenos.
  2577 | D:3      | Found Zoizuelo's Armour Shoppe.
  2598 | D:3      | Reached XP level 5. HP: 39/39 MP: 5/5
  2625 | D:3      | Bought a +0 pair of boots for 63 gold pieces
  2671 | D:3      | Found Qihogiv's Armour Boutique.
  2768 | D:3      | Reached skill level 3 in Unarmed Combat
  2963 | D:3      | Found Canucab's Magic Scroll Shoppe.
  2973 | D:3      | Bought a scroll of teleportation for 39 gold pieces
  3235 | D:3      | Found Emod's Assorted Antiques.
  3870 | D:4      | Reached XP level 6. HP: 30/47 MP: 6/6
  4740 | D:3      | Bought an amethyst potion for 25 gold pieces
  4740 | D:3      | Bought a black potion for 25 gold pieces
  4773 | D:5      | Entered Level 5 of the Dungeon
  4831 | D:6      | Found Odda's Assorted Antiques.
  4854 | D:5      | Noticed a steam dragon
  4863 | D:5      | Noticed a water moccasin
  5372 | D:5      | Reached skill level 4 in Unarmed Combat
  5568 | D:6      | Gained mutation: Spells you cast may paralyse adjacent
                  | enemies. [demonic ancestry]
  5568 | D:6      | Reached XP level 7. HP: 35/53 MP: 7/7
  5677 | D:6      | Learned a level 2 spell: Passwall
  5886 | D:5      | Reached skill level 5 in Unarmed Combat
  5944 | D:5      | Noticed a shadow
  6038 | D:6      | Bought a scroll labelled ZEBBEBI NEKE for 21 gold pieces
  6038 | D:6      | Bought a scroll labelled CADIWAUKKU for 21 gold pieces
  6038 | D:6      | Bought a scroll labelled PUUSHU EH ACS for 21 gold pieces
  6353 | D:6      | Gained mutation: Spells you cast may paralyse nearby
                  | enemies. [demonic ancestry]
  6353 | D:6      | Reached XP level 8. HP: 61/61 MP: 8/8
  6525 | D:6      | Reached skill level 6 in Unarmed Combat
  6718 | D:6      | Reached skill level 5 in Fighting
  7771 | D:7      | Found a staircase to the Ecumenical Temple.
  7777 | D:7      | Noticed Menkaure
  7783 | Temple   | Entered the Ecumenical Temple
  7885 | Temple   | Became a worshipper of Uskayaw the Reveller
  7917 | D:7      | Reached * piety under Uskayaw
  7931 | D:7      | Killed Menkaure
  7931 | D:7      | Reached ** piety under Uskayaw
  7932 | D:7      | Reached skill level 1 in Invocations
  8126 | D:7      | Slain by an ogre

Illustrated notes

Levels and vault maps discovered:
D:1:      wheals_arrival_shading, layout_rooms,
          shapermc_ecumenical_altar_flowoftime
D:2:      layout_rooms
D:3:      layout_basic, general_overflow_altar, nicolae_dithmenos_the_darkroom,
          serial_shops, nicolae_lakefront_shop, nicolae_shop_statue_plus,
          shop_fountains, shop
D:4:      layout_basic, chequers_serial_rivers_small_3
D:5:      kennysheep_big_flooded_room, layout_loops_ring,
          nicolae_ru_path_of_blood, serial_shops, shop
D:6:      layout_loops_ring, serial_shops, nicolae_stop_n_shop_1
D:7:      layout_layer_cave, grunt_qazlal_clouds,
          minmay_temple_entry_statues_fountains, roderic_roman_lattice,
          grunt_ogre_cave, uniq_menkaure
Temple:   lightli_temple_of_artemis

Skill      XL: |  1  2  3  4  5  6  7  8 |
---------------+-------------------------+-----
Dodging        | 1 |  1.2
Armour         | 2 3 |  3.0
Unarmed Combat | 1 2 3 4 5 6 |  6.9
Fighting       | 2 3 4 5 |  5.4
Shields        | 1 2 3 4 |  4.0
Invocations    | 1 |  1.1
Stealth        | |  0.8
Evocations     | |  3.1

Action                   |  1- 3 |  4- 6 |  7- 9 || total
-------------------------+-------+-------+-------++-------
Melee: Club              |    34 |       |       ||    34
       Whip              |    25 |    76 |       ||   101
       Unarmed           |       |    55 |   150 ||   205
Throw: Stone             |    32 |    51 |       ||    83
       Boomerang         |       |     1 |    37 ||    38
Evoke: Wand              |    15 |     8 |     7 ||    30
       Piece from Xom's  |     1 |       |     2 ||     3
  Use: Scroll            |     4 |     4 |     5 ||    13
       Potion            |       |     4 |     2 ||     6
 Stab: Paralysed         |     3 |       |       ||     3
       Sleeping          |       |       |     1 ||     1
Armor: Leather armour    |    17 |    35 |    13 ||    65
       Skin              |       |     5 |     9 ||    14
       Scale mail        |       |       |    29 ||    29
Dodge: Dodged            |    31 |    68 |    49 ||   148
Block: Buckler           |    11 |    32 |    28 ||    71
       Reflection        |       |     1 |       ||     1

Table legend: (Time is in decaauts)
 A = Elapsed time spent in this place.
 B = Non-inter-level travel time spent in this place.
 C = Inter-level travel time spent in this place.
 D = Time resting spent in this place.
 E = Time spent auto-exploring this place.
 F = Levels seen in this place.
 G = Mean time per level.
                   A        B        C        D        E       F      G
               +--------+--------+--------+--------+--------+-----+--------+
         Total |   8175 |   7834 |    341 |   2729 |   3824 |   8 | 1021.9 |
       Dungeon |   8048 |   7731 |    317 |   2729 |   3750 |   7 | 1149.7 |
        Temple |    127 |    103 |     24 |      0 |     74 |   1 |  127.0 |
               +--------+--------+--------+--------+--------+-----+--------+

Top non-repeatable levels by time:
     D:6: 1733 daAuts
     D:3: 1711 daAuts
     D:4: 1377 daAuts
     D:1: 1247 daAuts
     D:7: 731 daAuts
     D:5: 635 daAuts
     D:2: 611 daAuts
  Temple: 127 daAuts
